Unix NetHack Version 5.0.0-0 post-release - last build May  4 2026 22:22:43 (774f63e81ad911689b3a0859ea89b322d5daca8d,branch:main).

Game began 2026-05-06 16:25:44, ended 2026-05-06 17:02:13.

01246791210, lawful male human Samurai

                                                           ------------
            ----------                 -------------       |:........!|
            |.....(...             :###............|       |..........|
            |...............   e@:#    |........(..|    ###-.[........|
            |.........                 |.......{...|   ##  -------.----
            -- -------                 |...........|  ##          #
                                       --|----------  #           %
                                         ##           #           #
                                          #           #           #
                                          ###      ####          ##
                                            ###    #           --.---
                                         -----.--- #           |....|
                                  #######|...<...| #         ##.....|
                                        #|....^..|##         # |....|
                                        #|........########` ###-...(|
                                        #---------         )   ------
                                        ####################

01246791210 the Ronin  St:12 Dx:17 Co:18 In:12 Wi:9 Ch:6  Lawful
Dlvl:3  $:53 HP:0(36) Pw:12(12) AC:4  Xp:4 T:2822  Weak    

Latest messages:
 You are frozen by the floating eye's gaze!
 The newt misses!
 The newt bites!
 The newt bites!
 You hear the splashing of a naiad.
 The newt bites!
 The newt bites!
 The newt bites!
 The newt bites!
 The newt bites!
 The newt bites!
 The newt bites!
 The newt bites!
 The newt bites!
 The newt bites!
 The newt bites!
 The newt bites!
 The newt bites!
 You are beginning to feel weak.
 The newt bites!
 The newt just misses!
 The newt just misses!
 The newt bites!
 The newt bites!
 The newt bites!
 The newt misses!
 The newt bites!
 The newt bites!
 The newt bites!
 The newt bites!
 The newt bites!
 The newt bites!
 The newt bites!
 The newt misses!
 The newt bites!
 The newt bites!
 The newt bites!
 The newt misses!
 The newt bites!
 The newt bites!
 The newt bites!
 The newt bites!
 The newt bites!
 The newt bites!
 You die...
 Do you want your possessions identified? [ynq] (y) n
 Do you want to see your attributes? [ynq] (y) n
 Do you want an account of creatures vanquished? [ynaq] (y) n
 Do you want to see your conduct and achievements? [ynq] (y) n
 Do you want to see the dungeon overview? [ynq] (y) n

Inventory:
 Coins    ('$')
  $ - 53 gold pieces
 Weapons  (')')
  r - 7 blessed +0 arrows
  l - a +0 orcish dagger
 Armor    ('[')
  m - an uncursed +0 orcish helm
  q - an uncursed +0 orcish helm
  s - an uncursed +0 dwarvish cloak
  e - an uncursed rustproof +0 splint mail (being worn)
 Comestibles  ('%')
  n - an uncursed gunyoki

01246791210 the Samurai's attributes:

Background:
 You were a Ronin, a level 4 male human Samurai.
 You were lawful, nominally on a mission for Amaterasu Omikami
 who was opposed by Raijin (neutral) and Susanowo (chaotic).
 You were right-handed.
 You were in the Dungeons of Doom, on level 3.
 You entered the dungeon 2822 turns ago.
 You had 89 experience points, 71 more were needed to attain level 5.

Basics:
 You had 0 out of 36 hit points.
 You had all 12 energy points (spell power).
 Your armor class was 4.
 Your wallet contained 53 zorkmids.
 Autopickup was off.

Final Characteristics:
 Your strength was 12 (base:13, limit:18/100).
 Your dexterity was 17 (limit:18).
 Your constitution was 18 (limit:18).
 Your intelligence was 12 (limit:18).
 Your wisdom was 9 (limit:18).
 Your charisma was 6 (limit:18).

Final Status:
 You were weak from severe hunger.
 You were unencumbered.
 You were bare handed.
 You had basic skill with martial arts.

Final Attributes:
 You were piously aligned.
 You were warded.
 You were fast.
 You are dead.

Miscellaneous:
 You didn't encounter any bones levels.
 Total elapsed playing time was 36 minutes and 26 seconds.

Major events:
 Turn
    1: 01246791210 the lawful male human Samurai entered the dungeon
 1363: attained the rank of Ronin (level 3)
 2822: killed by a newt, while frozen by a floating eye's gaze

You didn't know any spells.

Skills:
 Fighting Skills
   martial arts      [Basic]
   two weapon combat [Unskilled]
   riding            [Unskilled]
 Weapon Skills
   dagger            [Unskilled]
   knife             [Unskilled]
   short sword       [Basic]
   broadsword        [Unskilled]
   long sword        [Basic]
   two-handed sword  [Unskilled]
   saber             [Unskilled]
   flail             [Unskilled]
   quarterstaff      [Unskilled]
   polearms          [Unskilled]
   spear             [Unskilled]
   lance             [Unskilled]
   bow               [Basic]
   shuriken          [Unskilled]
 Spellcasting Skills
   attack spells     [Unskilled]
   divination spells [Unskilled]
   clerical spells   [Unskilled]

Voluntary challenges:
 Character rerolling was not enabled.
 You followed a strict vegan diet.
 You were an atheist.
 You were illiterate.
 You never genocided any monsters.
 You never polymorphed an object.
 You never changed form.
 You used no wishes.
Achievements:
 You attained the rank of Ronin.
 You entered a shop.

 The Dungeons of Doom: levels 1 to 3
    Level 1:
       A fountain.
    Level 2:
       A vegetarian food shop.
    Level 3: <- You were here.
       A fountain.
       Final resting place for
          you, killed by a newt, while frozen by a floating eye's gaze.


Vanquished creatures:
  a wererat
 an acid blob
  2 large kobolds
  2 giant rats
  a yellow mold
  a gecko
  9 jackals
  3 goblins
  6 grid bugs
  2 bats
  3 lichens
  a kobold zombie
 11 newts
43 creatures vanquished.

No species were genocided or became extinct.

Game over:
                       ----------
                      /          \
                     /    REST    \
                    /      IN      \
                   /     PEACE      \
                  /                  \
                  |   01246791210    |
                  |      53 Au       |
                  | killed by a newt |
                  |                  |
                  |                  |
                  |                  |
                  |       2026       |
                 *|     *  *  *      | *
        _________)/\\_//(\/(/\)/\//\/|_)_______

Sayonara 01246791210 the Samurai...

You died in The Dungeons of Doom on dungeon level 3 with 504 points,
and 53 pieces of gold, after 2822 moves.
You were level 4 with a maximum of 36 hit points when you died.

